 Dungeon Crawl Stone Soup version 0.30.0-5-g1a98f26d00 (webtiles) character file.

Game seed: 6645275957009635712

142 hawla the Firebug (level 5, -2/38 HPs)
             Began as a Meteoran Fire Elementalist on May 13, 2023.
             Shot with an arrow by a centaur (8 damage)
             ... on level 5 of the Dungeon.
             The game lasted 00:02:23 (354 turns).

hawla the Firebug (Meteoran Fire Elementalist)       Turns: 354, Time: 00:02:24

Health: -2/38      AC:  2    Str:  9    XL:     5   Next: 79%
Magic:  4/12       EV: 13    Int: 18    God:
Gold:   59         SH:  0    Dex: 15    Spells: 5/12 levels left

rFire   . . .        (no weapon)
rCold   . . .        (no shield)
rNeg    . . .        a - +0 robe
rPois   .            (no helmet)
rElec   .            (no cloak)
rCorr   .            (no gloves)
SInv    .            (no boots)
Will    .....        (no amulet)
Stlth   +            (no ring)
HPRegen 0.26/turn    (no ring)
MPRegen 0.13/turn

%: no passive effects
@: weakened, very slightly contaminated, glowing
A: sense surroundings 1, otherworldly, glowing, explore regen
a: no special abilities


You were on level 5 of the Dungeon.
You visited 1 branch of the dungeon, and saw 5 of its levels.

You collected 59 gold pieces.

Inventory:

Armour
 a - a +0 robe (worn)
Potions
 b - a potion of magic
 c - a potion of curing {unknown}


   Skills:
 - Level 0.3 Fighting
 - Level 2.8 Dodging
 - Level 1.4 Stealth
 - Level 4.0 Spellcasting
 + Level 3.5 Conjurations
 - Level 4.9 Fire Magic


You had 5 spell levels left.
You knew the following spells:

 Your Spells              Type           Power      Damage    Failure   Level
a - Foxfire               Conj/Fire      72%        2x1d7     2%          1
b - Scorch                Fire           42%        2d6       3%          2
c - Flame Wave            Conj/Fire      18%        2d7       26%         4

Your spell library contained the following spells:

 Spells                   Type           Power      Damage    Failure   Level
 Inner Flame              Hex/Fire       12%        N/A       16%         3
 Volatile Blastmotes      Fire/Tloc      24%        2d12      16%         3


Dungeon Overview and Level Annotations

Branches:
Dungeon (5/15) Zot: 2645
 Temple: D:4-7

Altars:
Yredelemnul


Innate Abilities, Weirdness & Mutations

You passively map a small area around you.
You are easily found by Zot.
You glow in the dark.
You regain HP and MP as you explore.


Message History

The gnoll shouts!
The centaur shoots an arrow.
The arrow closely misses you.
The gnoll bouda gazes fiercely through you!
You feel your attacks grow feeble.
A gnoll comes into view. It is wielding a +0 club.
The centaur unwields a +0 shortbow.
The centaur hits you but does no damage.
The centaur kicks you.
A gnoll comes into view. It is wielding a +0 halberd.
The centaur barely misses you. The centaur misses you.
The gnoll shouts!
You hit the centaur but do no damage.
The gnoll hits you from afar with a +0 spear.
The centaur misses you. The centaur kicks you.
Casting: Foxfire (safe; 2% risk of failure)
Confirm with . or Enter, or press ? or * to list all spells.
The spell is extremely dangerous to miscast (26% risk of failure)!
Continue anyway?
Casting: Flame Wave (extremely dangerous; 26% risk of failure)
Press: ? - help, Dir - look around, f - activate You miscast Flame Wave.
You are very lightly contaminated with residual magic.
Nothing appears to happen.
The centaur hits you. The centaur misses you.
The gnoll bouda barks out a call to the hunt!
The gnolls pick up the pace!
The gnoll hits you from afar with a +0 spear.
The centaur hits you. The centaur barely misses you.
You aren't carrying any scrolls.
Casting: Flame Wave (extremely dangerous; 26% risk of failure)
Confirm with . or Enter, or press ? or * to list all spells.
The spell is extremely dangerous to miscast (26% risk of failure)!
Continue anyway?
Casting: Flame Wave (extremely dangerous; 26% risk of failure)
Press: ? - help, Dir - look around, f - activate You miscast Flame Wave.
Nothing appears to happen.
The centaur hits you.
* * * LOW HITPOINT WARNING * * *
The centaur kicks you.
* * * LOW HITPOINT WARNING * * *
Unknown command.
The centaur wields a +0 shortbow.
The centaur shoots an arrow.
The arrow hits you!
You die...

* * , , , , * * *
*,,* * * , ****
## * , , ..# , ,
* **#.#* * #####
* #####.# #..†.
#..@..# #.##. ,
...gggc##..#
#.### * .....g.
#..# ######.# ,
###.### #..###
#......# , #
#.#....###†######
#.# * #
#.#.#...##.#
#.####.#
#.#......#.######
#.#....#
#.#.............#
#.#.#*
#.##.....#.####.#


You could see a centaur, a gnoll bouda and 3 gnolls.

Vanquished Creatures
  A hound (D:5)
  2 iguanas (D:5)
  3 adders
  A white imp (D:5)
  An ufetubus (D:5)
  A worm (D:2)
  A dart slug (D:5)
  A ball python (D:4)
  An endoplasm (D:2)
  A goblin (D:4)
  A hobgoblin (D:4)
  4 jackals (D:4)
  2 quokkas (D:3)
20 creatures vanquished.

Vanquished Creatures (others)
  48 foxfires
48 creatures vanquished.

Grand Total: 68 creatures vanquished

Notes
Turn   | Place    | Note
-------+----------+-------------------------------------------
     0 | D:1      | hawla the Meteoran Fire Elementalist began the quest for
                  | the Orb.
     0 | D:1      | Reached XP level 1. HP: 14/14 MP: 5/5
    35 | D:2      | Reached XP level 2. HP: 16/20 MP: 0/6
    42 | D:3      | Learned a level 2 spell: Scorch
    54 | D:3      | Found a basalt altar of Yredelemnul.
    84 | D:3      | Reached XP level 3. HP: 26/26 MP: 3/8
   140 | D:5      | Entered Level 5 of the Dungeon
   179 | D:5      | Reached XP level 4. HP: 12/33 MP: 5/10
   210 | D:5      | Reached XP level 5. HP: 35/38 MP: 7/12
   215 | D:5      | Learned a level 4 spell: Flame Wave
   348 | D:5      | Noticed a centaur
   354 | D:5      | Shot with an arrow by a centaur

Illustrated notes

Levels and vault maps discovered:
D:1:      lemuel_arrival_cross, layout_basic, serial_rivers,
          chequers_serial_rivers_marsh, chequers_serial_rivers_marsh,
          chequers_serial_rivers_large_b, chequers_serial_rivers_micro_a,
          chequers_serial_rivers_micro_a, chequers_serial_rivers_small_3,
          serial_shops, shop
D:2:      layout_basic, uniq_robin
D:3:      layout_rooms, yredelemnul_altar_generic,
          mainiacjoe_overflow_concentric_impassable, serial_shops,
          nicolae_shop_tiny_statue_garden, chequers_garden
D:4:      layout_loops_ring, nicolae_hepliaklqana_hazy_memory,
          cheibrodos_sewer_entry_sluice, nicolae_figureground_sparkle
D:5:      layout_loops_ring, minmay_temple_entry_sparse_star

Skill      XL: |  1  2  3  4  5 |
---------------+----------------+-----
Fire Magic     | 4 |  4.9
Spellcasting   | 3 4 |  4.0
Conjurations   | 2 3 |  3.5
Fighting       | |  0.3
Dodging        | |  2.8
Stealth        | |  1.4

Action                     |  1- 3 |  4- 6 || total
---------------------------+-------+-------++-------
  Melee: Unarmed           |     7 |     1 ||     8
   Cast: Foxfire           |    19 |     8 ||    27
         Scorch            |     3 |     5 ||     8
         Flame Wave        |       |     1 ||     1
    Use: Scroll            |     1 |     1 ||     2
 Armour: Robe              |     5 |     1 ||     6
  Dodge: Dodged            |    15 |     8 ||    23
